 Dungeon Crawl Stone Soup version 0.22-a0-247-gbddf880757 (webtiles) character file.

16 Peterchen the Charlatan (level 2, -2/16 HPs)
             Began as a Kobold Artificer on Feb 23, 2018.
             Slain by an ogre
             ... wielding a +0 giant club
              (18 damage)
             ... on level 2 of the Dungeon.
             The game lasted 00:04:12 (1311 turns).

Peterchen the Charlatan (Kobold Artificer)          Turns: 1311, Time: 00:04:13

Health: -2/16      AC:  2    Str:  9    XL:     2   Next: 70%
Magic:  4/4        EV: 15    Int: 12    God:
Gold:   21         SH:  0    Dex: 15    Spells: 1/1 levels left

rFire    . . .     SeeInvis .   a - +0 short sword
rCold    . . .     Gourm    .   (shield restricted)
rNeg     . . .     Faith    .   (no armour)
rPois    .         Spirit   .   (no helmet)
rElec    .         Reflect  .   j - +1 cloak
rCorr    .         Harm     .   (no gloves)
MR       .....                  (no boots)
Stlth    ++........             (no amulet)
HPRegen  0.05/turn              (no ring)
MPRegen  0.09/turn              (no ring)

@: no status effects
A: small, carnivore
a: no special abilities


You were on level 2 of the Dungeon.
You were full.

You visited 1 branch of the dungeon, and saw 2 of its levels.

You collected 21 gold pieces.

Inventory:

Hand Weapons
 a - a +0 short sword (weapon)
Missiles
 g - 14 poisoned needles (quivered)
Armour
 b - a +0 leather armour
 j - a +1 cloak (worn)
Wands
 c - a wand of flame (15)
 d - a wand of enslavement (15)
 e - a wand of random effects (15)
Scrolls
 h - a scroll of teleportation {unknown}
 i - a scroll of enchant armour {unknown}
 k - a scroll of random uselessness {unknown}
 l - a scroll of fog {unknown}
 n - a scroll of enchant weapon {unknown}
Potions
 m - a potion of invisibility {unknown}
Comestibles
 f - 6 rations


   Skills:
 + Level 1.5 Fighting
 * Level 2.6 Short Blades
 + Level 2.8 Dodging
 - Level 1.3 Stealth
 - Level 3.6 Evocations


You had one spell level left.
You didn't know any spells.

Dungeon Overview and Level Annotations

Branches:
Dungeon (2/15)

Altars:


Innate Abilities, Weirdness & Mutations

You are small and have problems with some larger weapons.
You are carnivorous and can eat meat at any time.


Message History

g - 11 poisoned needles (gained 1)
You now have 21 gold pieces (gained 9).
g - 13 poisoned needles (gained 2)
g - 14 poisoned needles (gained 1)
Things that are here:
a club; a hobgoblin skeleton Done exploring.
Done exploring.
You see here 17 arrows.
There is a stone staircase leading down here.
You climb downwards.
An ogre comes into view. It is wielding a giant club.
Found a scroll labeled LEFFOO TONIB and a pair of embroidered boots.
There is a stone staircase leading up here.
Number of times to repeat, then command key: You must enter the number of times for the command to repeat.
The ogre shouts!
The ogre hits you with a giant club!!
Ouch! That really hurt!
You die...

.. .. .#
#.# ..
#..#
.####..#
#...[..#
#......#
#......#
#..O...#
#.@...?#
#.........
#......###
#.######
#. #. #.
#.


You could see an ogre.

Vanquished Creatures
  A bat (D:1)
  4 hobgoblins (D:1)
  2 kobolds (D:1)
  A ball python (D:1)
  A frilled lizard (D:1)
  2 goblins (D:1)
  5 rats (D:1)
16 creatures vanquished.

Notes
Turn   | Place    | Note
-------+----------+-------------------------------------------
     0 | D:1      | Peterchen the Kobold Artificer began the quest for the Orb.
     0 | D:1      | Reached XP level 1. HP: 12/12 MP: 3/3
   313 | D:1      | Reached XP level 2. HP: 12/16 MP: 4/4
  1309 | D:2      | Noticed an ogre
  1311 | D:2      | Slain by an ogre

Vault maps used:
D:1:      arrival_zaba_pyramid, hangedman_abyss_or_decor_lesser_grid,
          supply_closet_lemuel
D:2:      nemelex_lonely_heart_becter, uniq_crazy_yiuf_cottage

Skill      XL: |  1 |
---------------+----+-----
Short Blades   | 2 |  2.6
Fighting       | |  1.5
Dodging        | |  2.8
Stealth        | |  1.3
Evocations     | |  3.6

Action                   || total
-------------------------++-------
Melee: Short sword       ||    69
  Eat: Chunk             ||     7
Armor: Leather armour    ||     3
       Skin              ||    12
Dodge: Dodged            ||    64

Table legend:
 A = Spawn XP
 B = Non-spawn XP
 C = Spawn XP percentage of total XP
 D = Spawn monster count
 E = Non-spawn monster count
 F = Spawn count percentage of total count
 G = Total turns spent on level
                    A         B        C        D         E        F      G
               +---------+---------+-------+---------+---------+-------+---------
         Total |       0 |      23 |   0.0 |       0 |      16 |   0.0 |  1311
               +---------+---------+-------+---------+---------+-------+---------
           D:1 |       0 |      23 |   0.0 |       0 |      16 |   0.0 |  1309
               +---------+---------+-------+---------+---------+-------+---------
